 Dungeon Crawl Stone Soup version 0.27-a0-1149-g4505690ab0 (webtiles) character file.

Game seed: 15919518307427234041

33 kae the Skirmisher (level 3, 0/43 HPs)
             Began as a Demonspawn Fighter on May 12, 2021.
             Succumbed to an adder's poison
             ... on level 2 of the Dungeon.
             The game lasted 00:01:08 (909 turns).

kae the Skirmisher (Demonspawn Fighter)              Turns: 909, Time: 00:01:08

Health: 0/43       AC:  6    Str: 17    XL:     3   Next: 12%
Magic:  3/3        EV:  6    Int:  9    God:
Gold:   40         SH:  8    Dex: 12    Spells: 2/2 levels left

rFire    . . .     SeeInvis .   a - +0 long sword
rCold    . . .     Faith    .   c - +0 kite shield
rNeg     . . .     Spirit   +   b - +0 scale mail
rPois    .         Reflect  .   (no helmet)
rElec    .         Harm     .   (no cloak)
rCorr    .         Rampage  .   (no gloves)
Will     .....                  (no boots)
Stlth    ..........             g - amulet of magic regeneration
HPRegen  0.14/turn              (no ring)
MPRegen  0.41/turn              (no ring)

@: berserking (expiring), lethally poisoned (0 -> -1), very quick
A: magic shield, magic regeneration
a: no special abilities


You were on level 2 of the Dungeon.
You visited 1 branch of the dungeon, and saw 2 of its levels.

You collected 40 gold pieces.

Inventory:

Hand Weapons
 a - a +0 long sword (weapon)
Armour
 b - a +0 scale mail (worn)
 c - a +0 kite shield (worn)
Jewellery
 g - an amulet of magic regeneration (around neck)
Potions
 d - 2 potions of might
 e - 2 potions of cancellation
 f - a potion of berserk rage
 h - a potion of attraction {unknown}
 i - a potion of invisibility {unknown}


   Skills:
 + Level 3.4 Fighting
 * Level 2.9 Long Blades
 - Level 2.6 Armour
 - Level 2.6 Shields


You had 2 spell levels left.
You didn't know any spells.
Your spell library was empty.

Dungeon Overview and Level Annotations

Branches:
Dungeon (2/15)

Altars:


Innate Abilities, Weirdness & Mutations

When hurt, damage is shared between your health and your magic reserves.
You regenerate magic rapidly.


Message History

You are lethally poisoned!
The adder poisons you!
There is a lethal amount of poison in your body!
You are too injured to fight recklessly!
You are too injured to fight recklessly!
You are too injured to fight recklessly!
You are too injured to fight recklessly!
There is a lethal amount of poison in your body!
You are too injured to fight recklessly!
You are too injured to fight recklessly!
You completely miss the adder.
You feel very sick. The adder bites you but does no damage.
You block the adder's attack.
You hit the adder.
The adder is lightly wounded.
* * * LOW HITPOINT WARNING * * *
You feel very sick. The adder bites you but does no damage.
You block the adder's attack.
You miss the adder.
The adder is lightly wounded.
* * * LOW HITPOINT WARNING * * *
You feel sick. The adder barely misses you. The adder bites you.
* * * LOW HITPOINT WARNING * * *
It was a potion of berserk rage.
A red film seems to cover your vision as you go berserk!
You feel yourself moving faster!
You feel mighty!
* * * LOW HITPOINT WARNING * * *
You feel sick. You block the adder's attack.
You slice the adder!!
You kill the adder!
* * * LOW HITPOINT WARNING * * *
You feel sick.
You have reached level 3!
Your experience leads to an increase in your attributes!
Increase (S)trength, (I)ntelligence, or (D)exterity?
Uppercase letters only, please.
You feel stronger.
Your demonic ancestry asserts itself...
You feel your magical essence form a protective shroud around your flesh.
You feel a strong urge to attack something.
You die...

#. .#.. .. #.#.
#######.#####...
##.....#........#
##.............#.#
#................# ...
#............†...# ...
#............@..# ...
#..............†# ..#
#...............##.#
#........>.........###.
#...............#.....
##.....#.....#†.......
####†.....###.#...##.
##...####...#.#...#
#..### ###....<....


There were no monsters in sight!

Vanquished Creatures
  An adder (D:2)
  A worm (D:2)
  3 bats
  2 endoplasms (D:2)
  A goblin (D:1)
  2 hobgoblins
  8 ball pythons
  2 frilled lizards
  A rat (D:1)
21 creatures vanquished.

Notes
Turn   | Place    | Note
-------+----------+-------------------------------------------
     0 | D:1      | kae the Demonspawn Fighter began the quest for the Orb.
     0 | D:1      | Reached XP level 1. HP: 18/18 MP: 1/1
   184 | D:1      | Found a faded altar of an unknown god.
   516 | D:1      | Gained mutation: You regenerate magic rapidly. [demonic
                  | ancestry]
   516 | D:1      | Reached XP level 2. HP: 19/24 MP: 2/2
   907 | D:2      | HP: 1/36 [poisoned by an adder]
   908 | D:2      | Gained mutation: When hurt, damage is shared between your
                  | health and your magic reserves. [demonic ancestry]
   908 | D:2      | Reached XP level 3. HP: 1/29 MP: 3/3
   909 | D:2      | Succumbed to an adder's poison

Illustrated notes

Levels and vault maps discovered:
D:1:      minmay_arrival_four_loops, layout_loops_ring,
          hellmonk_ecumenical_altar_blasted
D:2:      layout_rooms, uniq_natasha

Skill      XL: |  1 |
---------------+----+-----
Long Blades    | 2 |  2.9
Fighting       | |  3.4
Armour         | |  2.6
Shields        | |  2.6

Action                   || total
-------------------------++-------
Melee: Long sword        ||    57
  Use: Scroll            ||     2
       Potion            ||     1
Armor: Scale mail        ||    30
Dodge: Dodged            ||    13
Block: Kite shield       ||    31
       Rpst.: Long sword ||     3

Table legend: (Time is in decaauts)
 A = Elapsed time spent in this place.
 B = Non-inter-level travel time spent in this place.
 C = Inter-level travel time spent in this place.
 D = Time resting spent in this place.
 E = Time spent auto-exploring this place.
 F = Levels seen in this place.
 G = Mean time per level.
                   A        B        C        D        E       F      G
               +--------+--------+--------+--------+--------+-----+--------+
         Total |    937 |    913 |     24 |      2 |    740 |   2 |  468.5 |
       Dungeon |    937 |    913 |     24 |      2 |    740 |   2 |  468.5 |
               +--------+--------+--------+--------+--------+-----+--------+

Top non-repeatable levels by time:
     D:1: 781 daAuts
     D:2: 156 daAuts
